 Dungeon Crawl Stone Soup version 0.21.1-1-g345015f (webtiles) character file.

3124 wilfster70 the Placeless Halfling (level 10, -8/66 HPs)
             Began as a Halfling Warper on May 30, 2018.
             Was a Believer of Okawaru.
             Mangled by a wyvern (12 damage)
             ... on level 8 of the Dungeon.
             The game lasted 00:31:02 (9566 turns).

wilfster70 the Placeless Halfling (Halfling Warper) Turns: 9566, Time: 00:31:02

Health: -8/66      AC: 12    Str: 12    XL:     10   Next: 14%
Magic:  13/13      EV:  8    Int: 14    God:    Okawaru [**....]
Gold:   497        SH:  0    Dex: 19    Spells: 9/13 levels left

rFire    . . .     SeeInvis .   b - +2 falchion (elec)
rCold    . . .     Gourm    .   (shield restricted)
rNeg     . . .     Faith    .   h - +0 chain mail
rPois    .         Spirit   .   C - +0 helmet
rElec    .         Reflect  .   p - +2 cloak
rCorr    .         Harm     .   (no gloves)
MR       .....     Rnd*Tele +   (no boots)
Stlth    ..........             (no amulet)
HPRegen  0.21/turn              z - +4 ring of dexterity
MPRegen  0.13/turn              A - ring of teleportation

@: drained
A: small, mutation resistance 1
a: Heroism, Renounce Religion


You were on level 8 of the Dungeon.
You worshipped Okawaru.
Okawaru was pleased with you.
You were hungry.

You visited 2 branches of the dungeon, and saw 9 of its levels.

You collected 497 gold pieces.

Inventory:

Hand Weapons
 a - a +1 dagger of holy wrath
 b - a +2 falchion of electrocution (weapon)
Missiles
 e - 5 tomahawks of dispersal (quivered)
 k - 269 stones
 q - 108 sling bullets
 v - 21 tomahawks
Armour
 h - a +0 chain mail (worn)
 j - a +0 leather armour
 p - a +2 cloak (worn)
 B - the -6 pair of boots of the Saviour {rElec}
   (You found it on level 4 of the Dungeon)

   It insulates you from electricity.
 C - a +0 helmet (worn)
Magical Staves
 i - an uncursed staff of fire {unknown}
Jewellery
 u - an uncursed ring of ice
 z - a +4 ring of dexterity (left hand)
 A - a ring of teleportation (right hand)
Wands
 g - a wand of iceblast (8)
 E - a wand of digging (16)
Scrolls
 d - 2 scrolls of blinking
 l - a scroll of teleportation
 m - 3 scrolls of identify
 t - 2 scrolls of remove curse
 y - a scroll of summoning
 G - a scroll of vulnerability {unknown}
 H - a scroll of fear
Potions
 n - a potion of mutation
 o - a potion of curing
 r - 2 potions of agility
 s - a potion of invisibility {unknown}
 x - 3 potions of degeneration {unknown}
 F - a potion of flight {unknown}
Books
 c - a book of Spatial Translocations

   Spells                             Type                      Level
   a - Blink                          Translocation                2
   b - Shroud of Golubria             Charms/Translocation         2
   c - Lesser Beckoning               Translocation                3
   d - Gell's Gravitas                Translocation                3
   e - Teleport Other                 Translocation                3
   f - Passage of Golubria            Translocation                4
 w - a book of Misfortune

   Spells                             Type                      Level
   a - Confusing Touch                Hexes                        1
   b - Confuse                        Hexes                        3
   c - Gell's Gravitas                Translocation                3
   d - Petrify                        Transmutation/Earth          4
   e - Metabolic Englaciation         Hexes/Ice                    5
   f - Yara's Violent Unravelling     Hexes/Transmutation          5
Comestibles
 f - 13 rations
 D - 6 chunks of flesh


   Skills:
 - Level 5.3(5.2) Fighting
 - Level 6.2 Short Blades
 - Level 1.0(0.9) Throwing
 - Level 1.1(1.0) Armour
 - Level 2.1 Dodging
 - Level 2.1(2.0) Spellcasting
 + Level 8.9 Charms
 + Level 9.0(8.9) Translocations


You had 9 spell levels left.
You knew the following spells:

 Your Spells              Type           Power        Failure   Level  Hunger
a - Blink                 Tloc           N/A          36%         2    ###....
b - Shroud of Golubria    Chrm/Tloc      ####......   36%         2    ###....


Dungeon Overview and Level Annotations

Branches:
Dungeon (8/15)             Temple (1/1) D:6
   Lair: D:8-11

Altars:
Ashenzari
Cheibriados
Dithmenos
Elyvilon
Fedhas
Hepliaklqana
Kikubaaqudgha
Makhleb
Nemelex Xobeh
Okawaru
Qazlal
Sif Muna
Trog
Vehumet
Wu Jian
Xom
Zin

Shops:
D:5 [

Annotations:
D:2 1 runed door


Innate Abilities, Weirdness & Mutations

You are small and have problems with some larger weapons.
You are somewhat resistant to further mutation.


Message History

You start resting.
You are suddenly yanked towards a nearby monster!
Your surroundings suddenly seem different.
A wyvern comes into view.
The wyvern hisses angrily.
Found 18 arrows.
The wyvern closely misses you. The wyvern barely misses you.
You are feeling hungry.
Your chain mail prevents you from hitting the wyvern.
The wyvern bites you!
You barely miss the wyvern. The wyvern bites you. x2
* * * LOW HITPOINT WARNING * * *
You closely miss the wyvern.
The wyvern bites you but does no damage.
The wyvern bites you!
* * * LOW HITPOINT WARNING * * *
You hit the wyvern but do no damage. The wyvern bites you!
* * * LOW HITPOINT WARNING * * *
The wyvern bites you!
You die...

##########
#........#
#........#
#........##
#.........##
#........(.#
#..........#
#....@l....#
#########..##
#####.%#
#......##
#........
####........
#........#
#)#......#
#.##....z...


You could see a wyvern.

Vanquished Creatures
  A hippogriff (D:8)
  Menkaure (D:6)
  Duvessa (D:5)
  A black bear (D:8)
  A phantom (D:4)
  A necrophage (D:5)
  3 ice beasts (D:7)
  The ghost of Amon001 the Skirmisher, an amateur FoAK of Lugonu (D:3)
  5 ogres
  A centaur (D:8)
  A big kobold (D:8)
  3 bullfrogs
  Dowan (D:6)
  5 wights (D:8)
  A howler monkey (D:6)
  4 crimson imps
  3 hounds
  3 jellies
  3 orc priests
  8 orc wizards
  Terence (D:2)
  5 worker ants
  A hound skeleton (D:4)
  A gnoll (D:1)
  9 adders
  An adder skeleton (D:5)
  5 worms
  A dart slug (D:3)
  7 leopard geckos
  18 orcs
  4 giant cockroaches
  12 goblins
  6 hobgoblins
  24 jackals
  6 quokkas
  3 ball pythons
  7 bats
  8 frilled lizards
  10 kobolds
  2 leopard gecko skeletons
  A leopard gecko zombie (D:6)
  A quokka skeleton (D:5)
  7 rats
188 creatures vanquished.

Notes
Turn   | Place    | Note
-------+----------+-------------------------------------------
     0 | D:1      | wilfster70 the Halfling Warper began the quest for the Orb.
     0 | D:1      | Reached XP level 1. HP: 14/14 MP: 3/3
   121 | D:1      | Reached XP level 2. HP: 7/19 MP: 4/4
   125 | D:1      | Learned a level 2 spell: Blink
   128 | D:1      | Learned a level 2 spell: Shroud of Golubria
   387 | D:1      | Reached XP level 3. HP: 12/24 MP: 4/6
   971 | D:1      | Reached skill level 1 in Charms
  1211 | D:2      | Found a deep blue altar of Sif Muna.
  1240 | D:2      | Reached XP level 4. HP: 19/29 MP: 7/7
  1747 | D:2      | Found a runed door.
  2490 | D:2      | Reached XP level 5. HP: 25/34 MP: 8/8
  3301 | D:3      | Noticed Amon001's ghost (amateur FoAK)
  3475 | D:3      | Noticed Terence
  3501 | D:2      | HP: 1/51 [Terence/falchion of electrocution (18)]
  3502 | D:2      | Killed Terence
  3922 | D:3      | Reached skill level 5 in Short Blades
  4274 | D:3      | Killed Amon001's ghost
  4274 | D:3      | Reached XP level 6. HP: 34/39 MP: 9/9
  4413 | D:4      | Noticed an ogre
  4425 | D:4      | Killed an ogre
  4763 | D:4      | Reached XP level 7. HP: 43/46 MP: 10/10
  5301 | D:5      | Entered Level 5 of the Dungeon
  5494 | D:5      | Reached skill level 5 in Fighting
  5494 | D:5      | Reached XP level 8. HP: 51/55 MP: 11/11
  5876 | D:5      | Found Sacet's Antique Armour Boutique.
  5943 | D:6      | Noticed Duvessa
  5943 | D:6      | Noticed Dowan
  5949 | D:6      | Killed Dowan
  5949 | D:6      | Reached skill level 4 in Translocations
  5996 | D:5      | Killed Duvessa
  6251 | D:6      | Found a staircase to the Ecumenical Temple.
  6268 | D:6      | Reached skill level 5 in Translocations
  6283 | D:6      | Reached skill level 5 in Charms
  6508 | Temple   | Entered the Ecumenical Temple
  6603 | Temple   | Became a worshipper of Warmaster Okawaru
  6981 | D:4      | Got a pair of transparent boots
  6987 | D:4      | Identified the -6 pair of boots of the Saviour {rElec} (You found it on level 4 of the Dungeon)
  7054 | D:4      | Reached XP level 9. HP: 55/61 MP: 12/12
  7390 | D:6      | Reached skill level 6 in Translocations
  7751 | D:6      | Noticed Menkaure
  7758 | D:6      | Killed Menkaure
  7758 | D:6      | Reached skill level 7 in Translocations
  8672 | D:7      | Reached * piety under Okawaru
  8993 | D:7      | Reached skill level 8 in Translocations
  9233 | D:8      | Noticed a hippogriff
  9242 | D:8      | Killed a hippogriff
  9314 | D:8      | Reached XP level 10. HP: 62/66 MP: 13/13
  9521 | D:8      | Reached ** piety under Okawaru
  9525 | D:8      | Reached skill level 9 in Translocations
  9566 | D:8      | Mangled by a wyvern

Skill      XL: |  1  2  3  4  5  6  7  8  9 10 |
---------------+-------------------------------+-----
Short Blades   | 3 4 5 6 |  6.2
Spellcasting   | 2 |  2.1
Charms         | 1 2 3 5 8 |  8.9
Fighting       | 2 3 5 |  5.3
Translocations | 5 8 9 |  9.0
Throwing       | |  1.0
Armour         | |  1.1
Dodging        | |  2.1

Action                   |  1- 3 |  4- 6 |  7- 9 | 10-12 || total
-------------------------+-------+-------+-------+-------++-------
Melee: Short sword       |   158 |   228 |       |       ||   386
       Falchion          |       |    30 |   337 |    53 ||   420
  Use: Potion            |     1 |     2 |     2 |       ||     5
       Scroll            |       |     3 |    10 |       ||    13
  Eat: Chunk             |       |    12 |    16 |       ||    28
Armor: Chain mail        |   106 |   115 |   242 |    38 ||   501
       Leather armour    |     1 |       |       |       ||     1
Dodge: Dodged            |    85 |    98 |   184 |    21 ||   388
       Rpst.: Falchion   |       |     6 |    62 |     5 ||    73
